 Dungeon Crawl Stone Soup version 0.31-a0-986-g5e6e4ef867 (webtiles) character file.

Game seed: 492900610345995553

18 Sanktem7 the Chiller (level 2, 17/17 HPs)
             Began as a Vampire Ice Elementalist on Nov 10, 2023.
             Quit the game on level 1 of the Dungeon.
             The game lasted 00:04:23 (487 turns).

Sanktem7 the Chiller (Vampire Ice Elementalist)      Turns: 487, Time: 00:04:23

Health: 17/17      AC:  2    Str:  7    XL:     2   Next: 51%
Magic:  2/5        EV: 12    Int: 17    God:
Gold:   51         SH:  0    Dex: 14    Spells: 4/5 levels left

rFire   . . .        c - +0 dagger {short}
rCold   . . .        (no shield)
rNeg    . . .        a - +0 robe
rPois   .            (no helmet)
rElec   .            (no cloak)
rCorr   .            (no gloves)
SInv    +            (no boots)
Will    .....        (no amulet)
Stlth   ++           (no ring)
HPRegen 0.42/turn    (no ring)
MPRegen 0.09/turn

%: no passive effects
@: healing quickly
A: alive, fangs 3, see invisible, vampiric 1, [frail 1]
a: Exsanguinate


You were on level 1 of the Dungeon.
You visited 1 branch of the dungeon, and saw 1 of its levels.

You collected 51 gold pieces.


Innate Abilities, Weirdness & Mutations

Your natural rate of healing is accelerated.
You have razor-sharp teeth.
You have supernaturally acute eyesight. (SInv)
You are afflicted with vampirism.
[You are frail. (-10% HP)]


   Skills:
 + Level 2.4 Dodging
 * Level 3.7 Stealth
 + Level 2.1 Spellcasting
 * Level 4.2 Ice Magic


You had 4 spell levels left.
You knew the following spells:

 Your Spells              Type           Power      Damage    Failure   Level
a - Freeze                Ice            64%        1d7       3%          1

Your spell library contained the following spells:

 Spells                   Type           Power      Damage    Failure   Level
 Frozen Ramparts          Ice            32%        1d5       10%         3
 Ozocubu's Armour         Ice            16%        N/A       10%         3
 Summon Ice Beast         Ice/Summ       9%         N/A       61%         4

Inventory:

Hand Weapons
 c - a +0 dagger (weapon) {short}
   (You found it on level 1 of the Dungeon)
Missiles
 e - 6 stones {throwing}
Armour
 a - a +0 robe (worn)
Scrolls
 g - a scroll of identify {unknown}
 h - a scroll of torment {unknown}
 j - a scroll of teleportation {unknown}
Potions
 b - a potion of magic
 d - a potion of haste {unknown}
 f - a potion of curing {unknown}
 i - a potion of brilliance {unknown}

Dungeon Overview and Level Annotations

Branches:
Dungeon (1/15) Zot: 5513

Altars:

....... .......
.###.....## .......
.........###. .......
#........... .......
#.........# .........#
#.........# .........#
#.........# .........
##.........# ........
##.....@...## .......
##...........#
#.....###..#.........#
####......##...........#
# #...######...........#
# #...# #........♣P~~
####.## ##........~~~
..##.# ##.....#.~.~
.....# ##########


There were no monsters in sight!


Message History

Aiming: Freeze (safe; 3% risk of failure)
Press: ? - help, Shift-Dir - straight line, f - endoplasm
Aim: an endoplasm You freeze the endoplasm.
The endoplasm hits you but does no damage. 😕 MP[-1]
You lost 1 mp, and now have 3/5 mp.
Casting: Freeze (safe; 3% risk of failure)
Confirm with . or Enter, or press ? or * to list all spells.
Aiming: Freeze (safe; 3% risk of failure)
Press: ? - help, Shift-Dir - straight line, f/p - endoplasm
Aim: an endoplasm (moderately wounded)
You miscast Freeze.
You are very lightly contaminated with residual magic.
Nothing appears to happen.
The endoplasm closely misses you. 😕 MP[-1]
You lost 1 mp, and now have 2/5 mp.
Casting: Freeze (safe; 3% risk of failure)
Confirm with . or Enter, or press ? or * to list all spells.
Aiming: Freeze (safe; 3% risk of failure)
Press: ? - help, Shift-Dir - straight line, f/p - endoplasm
Aim: an endoplasm (moderately wounded)
You freeze the endoplasm.
The endoplasm closely misses you. 😎 HP[+1] MP[-1]
Your hp is fully restored (19).
You lost 1 mp, and now have 1/5 mp.
Casting: Freeze (safe; 3% risk of failure)
Confirm with . or Enter, or press ? or * to list all spells.
Aiming: Freeze (safe; 3% risk of failure)
Press: ? - help, Shift-Dir - straight line, f/p - endoplasm
Aim: an endoplasm (severely wounded)
You freeze the endoplasm.
You kill the endoplasm! 😎 MP[-1]
You lost 1 mp, and now have 0/5 mp.
Your magical contamination has completely faded away. 😎 MP[+1]
You start resting. 😎 MP[+4]
Your mp is fully restored (5).
j - a scroll labelled FAILUIFOWK You now have 43 gold pieces (gained 10).
You now have 51 gold pieces (gained 8).
You begin bloodletting.
You continue bloodletting. x5
You become bloodless. 😎 HP[-4]
You now have 15 max hp (-4).
Casting: Freeze (safe; 3% risk of failure)
Confirm with . or Enter, or press ? or * to list all spells.
You can't see any susceptible monsters within range! (Use Z to cast anyway.)
Okay, then.
Okay, then.
You begin the revivification ritual.
You continue your ritual. x5
You return to life.
You feel frail.
You now have 17 max hp (+2).
Okay, then. 😕 HP[+1] 😎 HP[+1]
Your hp is fully restored (17).
There is a stone staircase leading down here.
Found a stone staircase leading down.
There is a stone staircase leading down here.
A dart slug comes into view.
The dart slug launches a dart at you. The slug dart misses you.
The dart slug launches a dart at you. The slug dart misses you.
Casting: Freeze (safe; 3% risk of failure)
Confirm with . or Enter, or press ? or * to list all spells.
You don't know that spell.
Okay, then.
Casting: Freeze (safe; 3% risk of failure)
Confirm with . or Enter, or press ? or * to list all spells.
Aiming: Freeze (safe; 3% risk of failure)
Press: ? - help, Shift-Dir - straight line, f - dart slug
Aim: a dart slug You freeze the dart slug.
The dart slug barely misses you. 😎 MP[-1]
You lost 1 mp, and now have 4/5 mp.
Casting: Freeze (safe; 3% risk of failure)
Confirm with . or Enter, or press ? or * to list all spells.
Aiming: Freeze (safe; 3% risk of failure)
Press: ? - help, Shift-Dir - straight line, f/p - dart slug
Aim: a dart slug (heavily wounded)
You freeze the dart slug.
The dart slug briefly extends its eye-stalks.
The dart slug launches a dart at you. The slug dart misses you. 😎 MP[-1]
You lost 1 mp, and now have 3/5 mp.
Casting: Freeze (safe; 3% risk of failure)
Confirm with . or Enter, or press ? or * to list all spells.
Aiming: Freeze (safe; 3% risk of failure)
Press: ? - help, Shift-Dir - straight line, f/p - dart slug
Aim: a dart slug (almost dead)
You freeze the dart slug.
You kill the dart slug! 😎 MP[-1]
You lost 1 mp, and now have 2/5 mp.
Are you sure you want to abandon this character and quit the game? (Confirm with "yes".)

Action                     || total
---------------------------++-------
  Melee: Dagger            ||    13
   Cast: Freeze            ||    23
Ability: Exsanguinate      ||     1
         Revivify          ||     1
 Armour: Robe              ||    15
  Dodge: Dodged            ||    30

Levels and vault maps discovered:
D:1:      minmay_arrival_loop, layout_rooms, serial_bayou, serial_bayou_pond_e,
          serial_bayou_pond_c, serial_bayou_shore_a, serial_bayou_crossing,
          minmay_misc_feat_secret_circle

Notes
Turn   | Place    | Note
-------+----------+-------------------------------------------
     0 | D:1      | Sanktem7 the Vampire Ice Elementalist began the quest for
                  | the Orb.
     0 | D:1      | Reached XP level 1. HP: 13/13 MP: 3/3
     0 | D:1      | magus.rc [v1.9.6]
   128 | D:1      | HP: 3/13 [quokka (1)]
   137 | D:1      | Reached XP level 2. HP: 9/19 MP: 0/5
   487 | D:1      | Quit the game

Vanquished Creatures
  A dart slug (D:1)
  2 bats (D:1)
  4 endoplasms (D:1)
  A goblin (D:1)
  A kobold (D:1)
  A quokka (D:1)
  3 ball pythons (D:1)
  A rat (D:1)
14 creatures vanquished.

Table legend:
 A = Non-vault XP
 B = Vault XP
 C = Vault XP percentage of total XP
 D = Non-vault monster count
 E = Vault monster count
 F = Vault count percentage of total count
                 A         B        C        D         E       F
            +---------+---------+-------+---------+---------+-------
      Total |      27 |       0 |   0.0 |      14 |       0 |   0.0
            +---------+---------+-------+---------+---------+-------
        D:1 |      27 |       0 |   0.0 |      14 |       0 |   0.0
            +---------+---------+-------+---------+---------+-------

Action                     || total
---------------------------++-------
  Melee: Dagger            ||    13
   Cast: Freeze            ||    23
Ability: Exsanguinate      ||     1
         Revivify          ||     1
 Armour: Robe              ||    15
  Dodge: Dodged            ||    30

Illustrated notes

Table legend:
 A = Kills in this place as a percentage of kills in the entire game.
 B = Kills by you in this place as a percentage of kills by you in the entire game.
 C = Kills by friends in this place as a percentage of kills by friends in the entire game.
 D = Other kills in this place as a percentage of other kills in the entire game.
 E = Experience gained in this place as a percentage of experience gained in the entire game.
 F = Experience gained in this place divided by the number of levels of this place that you have seen.
                   A       B       C       D       E      F
               +-------+-------+-------+-------+-------+----------------------
         Total | 100.0 | 100.0 |   N/A |   N/A | 100.0 |  27.0
       Dungeon | 100.0 | 100.0 |   N/A |   N/A | 100.0 |  27.0
               +-------+-------+-------+-------+-------+----------------------

Table legend: (Time is in decaauts)
 A = Elapsed time spent in this place.
 B = Non-inter-level travel time spent in this place.
 C = Inter-level travel time spent in this place.
 D = Time resting spent in this place.
 E = Time spent auto-exploring this place.
 F = Levels seen in this place.
 G = Mean time per level.
                   A        B        C        D        E       F      G
               +--------+--------+--------+--------+--------+-----+--------+
         Total |    486 |    486 |      0 |    144 |      0 |   1 |  486.0 |
       Dungeon |    486 |    486 |      0 |    144 |      0 |   1 |  486.0 |
               +--------+--------+--------+--------+--------+-----+--------+

Top non-repeatable levels by time:
     D:1: 486 daAuts
